Map: [ESL] Oceanborn

Players

Classic

  • Race: Protoss Protoss
  • Spawn Location: 5:00

Maru - Winner!

  • Race: Terran Terran
  • Spawn Location: 11:00

Event: ESL SC2 Masters 2023 Winter (Finals)

VOD

Have the link to the VOD?

Description

Time

  • Played on: Dec. 15, 2023, 2:12 p.m.
  • Length: 15:43

All games in this series

Show
View Real Time Build Order
Export as new Build Order

Classic Protoss 

Build Orders: 1 Gate Expand, Carriers, Colossus Rush 

Get SALT Encoding   

  12  0:00  Probe  
  13  0:12  Probe  
  14  0:16  Pylon  
  14  0:24  Probe  
  15  0:35  Gateway  
  15  0:36  Probe (Chrono Boost)  
  16  0:46  Assimilator, Probe (Chrono Boost)  
  17  0:51  Probe (Chrono Boost)  
  18  1:03  Probe  
  19  1:15  Probe  
  20  1:22  Cybernetics Core  
  20  1:33  Nexus  
  20  1:40  Pylon  
  20  1:43  Probe  
  21  1:49  Assimilator  
  21  1:55  Probe  
  21  1:56  Adept (Chrono Boost)  
  24  2:01  Warp Gate  
  24  2:07  Probe  
  25  2:19  Sentry (Chrono Boost), Probe  
  28  2:31  Probe  
  29  2:37  Stalker  
  31  2:45  Robotics Facility  
  31  2:46  Probe (Chrono Boost)  
  31  2:51  Probe (Chrono Boost)  
  33  2:55  Probe (Chrono Boost)  
  35  2:58  Probe (Chrono Boost)  
  35  3:05  Probe (Chrono Boost)  
  35  3:13  Probe (Chrono Boost)  
  35  3:17  Probe (Chrono Boost)  
  35  3:18  Gateway  
  36  3:24  Probe (Chrono Boost), Pylon  
  36  3:25  Probe (Chrono Boost)  
  38  3:31  Probe  
  38  3:33  Observer, Probe  
  41  3:42  Shield Battery  
  41  3:43  Assimilator, Probe  
  41  3:46  Probe (Chrono Boost)  
  43  3:49  Stalker  
  43  3:54  Pylon  
  43  3:55  Observer, Probe (Chrono Boost)  
  47  3:58  Assimilator  
  48  4:04  Probe (Chrono Boost)  
  48  4:05  Probe (Chrono Boost)  
  49  4:10  Probe x2 (Chrono Boost)  
  49  4:14  Stalker x2  
  55  4:21  Probe  
  55  4:22  Probe  
  57  4:32  Pylon  
  57  4:34  Probe  
  58  4:39  Stalker  
  58  4:40  Stalker  
  58  4:41  Pylon  
  58  4:43  Pylon  
  58  4:54  Immortal (Chrono Boost), Pylon  
  58  4:55  Probe x2  
  58  4:58  Robotics Bay  
  64  5:03  Stalker x2  
  67  5:16  Pylon  
  67  5:18  Gateway  
  67  5:23  Immortal (Chrono Boost)  
  67  5:24  Pylon  
  67  5:27  Stalker  
  73  5:32  Cybernetics Core  
  73  5:50  Pylon  
  73  5:56  Zealot x2  
  77  5:59  Colossus (Chrono Boost)  
  81  6:07  Extended Thermal Lance  
  79  6:13  Stargate  
  79  6:15  Nexus  
  79  6:16  Pylon  
  79  6:19  Probe  
  79  6:20  Probe  
  79  6:24  Sentry  
  79  6:25  Sentry  
  85  6:32  Pylon, Probe x2  
  87  6:42  Colossus (Chrono Boost)  
  87  6:44  Probe  
  87  6:45  Probe  
  95  6:55  Pylon  
  95  6:56  Phoenix  
  95  6:57  Probe x2  
  95  7:00  Twilight Council  
  99  7:02  Forge  
  99  7:09  Probe x2  
  99  7:10  Shield Battery  
  101  7:21  Probe x2, Phoenix  
  105  7:27  Probe  
  106  7:31  Colossus  
  106  7:33  Probe x2  
  114  7:38  Assimilator  
  114  7:39  Probe  
  114  7:40  Assimilator  
  115  7:45  Probe x2  
  115  7:46  Phoenix  
  115  7:50  Protoss Ground Weapons Level 1  
  119  7:51  Charge  
  119  7:52  Probe  
  119  7:53  Pylon  
  119  7:57  Probe x2  
  122  7:59  Pylon  
  122  8:02  Observer  
  122  8:04  Observer  
  122  8:08  Fleet Beacon  
  122  8:09  Stargate  
  122  8:10  Gateway  
  122  8:14  Gateway  
  122  8:17  Gateway  
  122  8:27  Disruptor  
  125  8:34  Protoss Air Weapons Level 1  
  125  8:36  Nexus  
  125  8:38  Pylon  
  125  8:40  Zealot  
  125  8:41  Zealot x2  
  131  8:48  Shield Battery  
  131  8:51  Shield Battery  
  131  8:58  Tempest (Chrono Boost)  
  131  9:00  Tempest (Chrono Boost)  
  136  9:03  Immortal  
  144  9:10  Zealot x3  
  150  9:22  Zealot x3  
  148  9:33  Zealot x2, Pylon  
  148  9:34  Zealot  
  148  9:35  Pylon  
  150  9:49  Zealot x3  
  127  9:54  Zealot x3  
  127  9:56  Tempest x2 (Chrono Boost)  
  120  10:17  Stalker x2  
  120  10:18  Zealot x4  
  136  10:53  Zealot x3  
  136  10:54  Zealot x3  
  136  10:56  Carrier (Chrono Boost)  
  142  10:58  Nexus  
  142  11:02  Pylon  
  140  11:06  Carrier (Chrono Boost)  
  140  11:09  Protoss Ground Weapons Level 2  
  140  11:10  Templar Archives  
  140  11:15  Observer (Chrono Boost)  
  141  11:25  Pylon  
  141  11:29  Observer (Chrono Boost)  
  142  11:36  Nexus  
  142  11:38  Protoss Air Weapons Level 2  
  142  11:42  Psionic Storm  
  142  11:46  High Templar  
  142  11:47  High Templar x3  
  150  12:01  High Templar  
  150  12:02  High Templar  
  150  12:04  Pylon  
  150  12:05  Pylon  
  153  12:17  Carrier (Chrono Boost)  
  165  12:32  Carrier (Chrono Boost)  
  165  12:34  Pylon  
  165  12:38  Shield Battery  
  157  12:52  Stalker x5  
  157  12:57  Stalker  
  169  13:01  Shield Battery  
  163  13:19  Zealot x5  
  143  13:30  Stalker  
  109  13:42  Stalker x5  
  98  14:02  Zealot  
  98  14:05  Carrier x2 (Chrono Boost)  
  110  14:11  Robotics Facility  
  110  14:16  Mothership (Chrono Boost)  
  110  14:20  Assimilator, Probe x2 (Chrono Boost)  
  110  14:23  High Templar  
  114  14:27  High Templar, Assimilator  
  114  14:29  Probe x2  
  118  14:34  High Templar, Zealot x2  
  124  14:43  High Templar  
  126  14:50  Shield Battery  
  126  14:55  Colossus (Chrono Boost)  
  132  15:06  Stalker x4  
  132  15:07  Stalker  
  141  15:21  Stalker  
  130  15:33  Zealot  
  130  15:34  Zealot x4  
Show
View Real Time Build Order
Export as new Build Order

Maru Terran - Winner!

Build Orders: Cyclone Opening 

Get SALT Encoding   

  12  0:00  SCV  
  13  0:12  SCV  
  14  0:17  Supply Depot  
  14  0:24  SCV  
  15  0:38  SCV  
  15  0:40  Barracks  
  15  0:42  Refinery  
  16  0:50  SCV  
  16  0:52  Refinery  
  17  1:02  SCV  
  18  1:15  SCV  
  19  1:27  Orbital Command, Reaper  
  20  1:40  Factory  
  20  1:48  Supply Depot  
  20  1:53  SCV  
  21  2:00  Barracks Reactor  
  21  2:05  SCV  
  22  2:16  Command Center  
  22  2:17  SCV  
  23  2:24  Cyclone  
  25  2:30  SCV  
  25  2:32  Supply Depot  
  26  2:37  Marine x2  
  26  2:42  SCV  
  29  2:47  Starport  
  29  2:54  Marine  
  29  2:55  Marine  
  31  2:59  Widow Mine  
  31  3:05  SCV  
  34  3:12  Marine x2  
  33  3:17  SCV  
  36  3:21  Factory Tech Lab  
  36  3:24  Medivac  
  38  3:29  SCV  
  38  3:30  Marine x2  
  41  3:39  Siege Tank  
  44  3:42  SCV  
  44  3:48  Marine x2  
  45  3:52  Supply Depot  
  45  3:53  Orbital Command  
  47  3:57  SCV  
  47  4:01  Liberator  
  51  4:08  Marine x2  
  53  4:16  Supply Depot  
  53  4:18  Siege Tank  
  53  4:20  SCV  
  57  4:29  SCV  
  56  4:34  SCV  
  56  4:36  Marine x2  
  58  4:41  SCV  
  58  4:44  Supply Depot  
  59  4:46  SCV  
  59  4:51  Starport Tech Lab  
  59  4:53  SCV  
  59  4:54  Marine x2  
  59  4:55  Siege Tank  
  59  4:58  SCV  
  66  5:05  SCV  
  67  5:10  SCV  
  67  5:12  Marine x2  
  70  5:15  Command Center  
  70  5:17  SCV  
  71  5:22  Raven, SCV  
  72  5:30  Marine x2  
  72  5:31  Barracks, SCV  
  72  5:34  SCV  
  75  5:41  Barracks  
  75  5:44  SCV  
  75  5:47  Marine x2  
  77  5:51  Refinery  
  77  5:57  Supply Depot  
  77  5:58  SCV  
  77  6:00  Siege Tank  
  72  6:05  Marine x2, SCV  
  72  6:10  SCV  
  73  6:14  Raven  
  73  6:16  Barracks, Interference Matrix  
  73  6:17  SCV  
  76  6:19  Barracks  
  76  6:21  Barracks Tech Lab  
  76  6:22  SCV  
  76  6:25  Refinery  
  77  6:27  Marine x2  
  77  6:28  Barracks Tech Lab  
  77  6:29  SCV  
  80  6:35  SCV  
  80  6:39  Stimpack, Marine  
  82  6:44  Marine  
  82  6:45  Marine  
  82  6:46  Marine  
  85  6:51  Engineering Bay x2  
  85  6:56  Marine, Supply Depot  
  85  6:57  Siege Tank, Supply Depot  
  85  6:58  Orbital Command  
  89  7:02  Combat Shield, Marine x2  
  89  7:05  Barracks Reactor  
  91  7:10  Marauder  
  91  7:12  SCV  
  91  7:15  Marauder  
  96  7:18  SCV  
  96  7:20  Marine x2  
  96  7:21  Starport Reactor  
  96  7:22  Orbital Command  
  99  7:23  Marauder  
  99  7:24  SCV  
  99  7:27  Terran Infantry Weapons Level 1  
  102  7:30  SCV  
  102  7:36  SCV  
  103  7:37  Siege Tank  
  103  7:42  SCV  
  103  7:43  Marine x4  
  111  7:48  SCV  
  111  7:49  Marauder x3  
  111  7:58  Supply Depot x2  
  111  7:59  Medivac  
  111  8:02  Medivac  
  111  8:04  Marine x2  
  117  8:08  Supply Depot  
  117  8:09  Concussive Shells  
  117  8:17  Marine x2  
  117  8:18  Marauder x3, Supply Depot  
  125  8:20  SCV  
  125  8:22  SCV  
  127  8:28  Siege Tank, Marine x2  
  127  8:30  SCV  
  127  8:33  SCV  
  134  8:34  SCV  
  134  8:35  Marine x2, Refinery x2  
  134  8:37  Supply Depot  
  134  8:39  Marauder  
  139  8:43  Viking x2  
  139  8:46  Marine x2  
  145  8:48  Marauder  
  145  8:49  Marauder  
  145  8:50  SCV x2  
  147  8:56  Marine  
  147  9:01  Marauder  
  150  9:06  Terran Infantry Armor Level 1  
  150  9:08  Marine x3  
  155  9:10  SCV, Marauder x2  
  155  9:12  Supply Depot  
  155  9:13  Viking  
  159  9:21  SCV x2  
  159  9:22  Marauder  
  163  9:24  Marine  
  163  9:26  Marine x3  
  160  9:31  Marauder x2, SCV  
  160  9:39  Siege Tank  
  160  9:42  Marine  
  160  9:44  Marine, Marauder  
  161  9:53  Marauder x2  
  157  10:00  Command Center, Medivac  
  157  10:01  Medivac  
  157  10:05  SCV x2, Marauder  
  157  10:06  SCV  
  164  10:11  Siege Tank  
  166  10:14  Marauder  
  166  10:18  SCV x3  
  166  10:22  Starport  
  166  10:23  Armory  
  162  10:30  Viking, SCV x3  
  166  10:38  Viking  
  166  10:42  SCV x3  
  166  10:43  Siege Tank  
  166  10:44  Starport  
  167  10:54  SCV x3  
  148  11:00  Viking, Marauder x3, Marine x4  
  154  11:08  Viking  
  154  11:09  Starport Reactor  
  156  11:15  SCV  
  156  11:16  Terran Infantry Weapons Level 2, Terran Infantry Armor Level 2, Armory  
  157  11:22  Marauder x3  
  157  11:24  Siege Tank  
  166  11:27  Viking  
  166  11:30  Viking  
  170  11:35  Terran Ship Weapons Level 1  
  170  11:38  Viking, Refinery  
  170  11:39  Orbital Command  
  172  11:40  Refinery  
  171  11:47  Supply Depot  
  171  11:49  Viking  
  171  11:50  Viking  
  175  11:57  Viking, Supply Depot  
  175  11:59  Marine x4, Marauder x3  
  187  12:08  Viking x2  
  187  12:14  Ghost Academy  
  191  12:18  Siege Tank  
  191  12:21  Viking x2  
  198  12:27  Command Center  
  200  12:33  Starport Reactor  
  198  12:50  Command Center  
  198  12:52  Ghost  
  200  13:05  Command Center  
  196  13:16  Ghost x2  
  182  13:25  Ghost  
  163  13:28  Viking  
  163  13:31  Liberator x2  
  163  13:32  Liberator x2, Marine  
  163  13:33  Marine  
  162  13:40  Marine x2  
  151  13:44  Ghost x2  
  151  13:46  Siege Tank  
  156  13:48  Orbital Command  
  156  13:50  Marine x2  
  156  13:53  Ghost  
  149  13:59  Viking  
  149  14:00  Viking, Marine x2  
  146  14:08  Marine x2  
  135  14:13  Ghost  
  135  14:14  Viking, Marauder  
  135  14:16  Viking x3  
  147  14:18  Orbital Command, Siege Tank, Marine  
  147  14:23  Marauder  
  153  14:25  SCV  
  153  14:29  Marine x3  
  157  14:33  SCV x4  
  157  14:35  Marauder  
  157  14:36  Marine  
  157  14:37  SCV  
  157  14:38  Fusion Core  
  165  14:42  Marauder  
  165  14:44  Marauder  
  165  14:45  SCV  
  170  14:47  Viking  
  172  14:53  Planetary Fortress  
  172  14:56  Marauder  
  172  14:58  Marine x4  
  178  15:03  Marauder  
  178  15:04  Command Center  
  178  15:06  Marauder  
  182  15:08  Viking  
  182  15:09  Viking  
  182  15:12  Viking x2  
  190  15:15  Marine  
  190  15:18  Marauder  
Tags
 
Add a new tag
Caveats
  • Supply blocks, unpowered buildings, or Contaminate may cause inaccurate times.
  • Supply counts are checked every 10 seconds.